 Dungeon Crawl Stone Soup version 0.27-a0-1277-g3808f8b1c9 (webtiles) character file.

Game seed: 6174002263641267937

1256 Glokmah the Grasshopper (level 8, -3/67 HPs)
             Began as a Ghoul Warper on June 12, 2021.
             Was a Follower of Wu Jian.
             Killed from afar by Maggie (11 damage)
             ... with a bolt of fire
             ... while paralysed by Maggie
             ... on level 6 of the Dungeon.
             The game lasted 00:14:10 (7980 turns).

Glokmah the Grasshopper (Ghoul Warper)              Turns: 7980, Time: 00:14:11

Health: -3/67      AC:  6    Str: 15    XL:     8   Next: 51%
Magic:  12/12      EV:  2    Int:  9    God:    Wu Jian [*.....]
Gold:   584        SH:  0    Dex:  9    Spells: 6/14 levels left

rFire    + . .     SeeInvis .   a - +9 quarterstaff (spect)
rCold    + . .     Faith    .   (shield currently unavailable)
rNeg     + + +     Spirit   .   k - +1 ring mail {rF+}
rPois    ∞         Reflect  .   (no helmet)
rElec    .         Harm     .   q - scarf {+Inv}
rCorr    .         Rampage  .   (no gloves)
Will     .....                  (no boots)
Stlth    ..........             (no amulet)
HPRegen  0.00/turn              (no ring)
MPRegen  0.13/turn              (no ring)

@: paralysed, mesmerised
A: claws 1, cold resistance 1, negative energy resistance 3, inhibited
regeneration, torment resistance 2
a: Renounce Religion, Evoke Invisibility


You were on level 6 of the Dungeon.
You worshipped Wu Jian.
Wu Jian was aware of your devotion.
You visited 1 branch of the dungeon, and saw 6 of its levels.

You collected 584 gold pieces.

Inventory:

Hand Weapons
 a - a +9 spectral quarterstaff (weapon)
 y - a +0 short sword
Missiles
 e - 5 boomerangs of dispersal
 h - 181 stones (quivered)
 p - 2 throwing nets
 x - 6 poisoned darts
Armour
 k - a +1 ring mail of fire resistance (worn)
 q - a scarf of invisibility (worn)
Jewellery
 l - a ring of poison resistance
 o - a ring of ice
 w - a ring of fire
Wands
 b - a wand of iceblast (9)
 g - a wand of paralysis (5)
Scrolls
 d - 2 scrolls of blinking
 f - a scroll of enchant weapon
 r - a scroll of immolation {unknown}
 s - a scroll of teleportation
 t - 2 scrolls of identify
 u - a scroll of magic mapping
 z - a scroll of amnesia {unknown}
Potions
 c - a potion of heal wounds {unknown}
 i - a potion of attraction
 j - 2 potions of cancellation
 m - 3 potions of magic {unknown}
 n - 2 potions of lignification {unknown}
 v - a potion of ambrosia {unknown}


   Skills:
 + Level 4.6 Fighting
 - Level 2.2(3.5) Polearms
 * Level 4.2(4.5) Staves
 - Level 0.8 Throwing
 + Level 3.3 Armour
 - Level 1.7 Dodging
 + Level 3.6 Spellcasting
 * Level 5.6 Translocations


You had 6 spell levels left.
You knew the following spells:

 Your Spells              Type           Power      Damage    Failure   Level
a - Blink                 Tloc           N/A        N/A       9%          2
b - Gell's Gravitas       Tloc           5%         N/A       16%         3
c - Teleport Other        Tloc           11%        N/A       16%         3

Your spell library contained the following spells:

 Spells                   Type           Power      Damage    Failure   Level
 Lesser Beckoning         Tloc           5%         N/A       16%         3
 Freeze                   Ice            4%         1d3       50%         1
 Manifold Assault         Tloc           11%        N/A       83%         5
 Frozen Ramparts          Ice            2%         1d2       86%         3
 Ozocubu's Armour         Ice            1%         N/A       86%         3
 Hailstorm                Conj/Ice       1%         3d3       99%         4
 Metabolic Englaciation   Hex/Ice        0%         N/A       100%        5


Dungeon Overview and Level Annotations

Branches:
Dungeon (6/15)
 Temple: D:4-7

Altars:
Wu Jian
Xom
Zin

Shops:
D:1 ?

Annotations:
D:6 Maggie


Innate Abilities, Weirdness & Mutations

You thrive by killing the living.
You are immune to poison.
You have sharp fingernails.
Your flesh is cold resistant. (rC+)
You are immune to negative energy. (rN+++)
You do not regenerate when monsters are visible.
You are immune to unholy pain and torment.


Message History

Maggie hits you with a +0 halberd.
Maggie hits you from afar with a +0 halberd!
Maggie completely misses you.
Maggie mumbles some strange words.
Maggie attempts to bespell you!
You are mesmerised by Maggie!
You cannot move away from Maggie!
Maggie barely misses you.
You closely miss Maggie.
Maggie is lightly wounded.
Your spectral +9 spectral quarterstaff barely misses Maggie.
Maggie gives herself a magical halo, but it quickly sputters out.
Maggie mumbles some strange words.
Maggie draws you further into her thrall.
You hit Maggie.
Maggie is lightly wounded.
Your spectral +9 spectral quarterstaff hits Maggie.
Maggie hits you with a +0 halberd!
You thump Maggie!
Maggie is moderately wounded.
Your spectral +9 spectral quarterstaff hits Maggie.
Maggie barely misses you.
You sock Maggie!
Maggie is heavily wounded.
Your spectral +9 spectral quarterstaff hits Maggie!
Maggie hits your spectral +9 spectral quarterstaff with a +0 halberd!
Your spectral weapon shares its damage with you!
You closely miss Maggie.
Maggie is severely wounded.
Your spectral +9 spectral quarterstaff closely misses Maggie.
Maggie zaps a wand.
You suddenly lose the ability to move!
Maggie hits you with a +0 halberd!
* * * LOW HITPOINT WARNING * * *
Maggie zaps a wand.
You resist with some effort.
Maggie zaps a wand.
You resist with some effort. Maggie hits you with a +0 halberd.
* * * LOW HITPOINT WARNING * * *
Maggie gestures at you while chanting. The bolt of fire hits you! You resist.
You die...

,* #.....<...#
##88........ **
#.........# ##88...†.....
##........# #88....888888
#.##.###.####8(...88####8
#.*#.###.#..#8....8## ##
#,*#........#8....8# #
*,*#####.#.##8....8# #
*,* #.#..#8....8#* ##
#.######@####8....88####8
#......@.#**#88....888888
##########,,##88.........
*** **,***##88........
,,* *,*######88.......
*,*
*****,*#)...##88......
*,*
*,,,,,,#.##).##888..88
,,*
*,***#.#.#....####''##
*** *,**,..........#
#..##


You could see Maggie (mesmerising).

Vanquished Creatures
  Duvessa (D:5)
  An ice beast (D:5)
  2 ogres
  A phantom (D:5)
  Dowan (D:5)
  A scorpion (D:5)
  3 wights (D:6)
  A centaur zombie (D:6)
  3 orc priests (D:4)
  A gnoll shaman (D:4)
  3 hounds
  An iguana (D:6)
  An orc wizard (D:4)
  Natasha (thrice) (D:4)
  2 hound skeletons
  7 gnolls
  4 adders
  An ufetubus (D:5)
  An adder skeleton (D:4)
  3 worms
  A dart slug (D:2)
  8 orcs
  11 bats
  5 endoplasms
  3 giant cockroaches
  6 goblins
  9 hobgoblins
  8 jackals
  9 kobolds
  5 quokkas
  A ball python (D:4)
  6 frilled lizards
  6 rats
119 creatures vanquished.

Vanquished Creatures (others)
  4 plants (D:2)
4 creatures vanquished.

Grand Total: 123 creatures vanquished

Notes
Turn   | Place    | Note
-------+----------+-------------------------------------------
     0 | D:1      | Glokmah the Ghoul Warper began the quest for the Orb.
     0 | D:1      | Reached XP level 1. HP: 17/17 MP: 2/2
   244 | D:1      | Reached skill level 1 in Armour
   368 | D:1      | Reached XP level 2. HP: 22/25 MP: 3/3
   630 | D:1      | Found a faded altar of an unknown god.
   638 | D:1      | Found Irpho's Magic Scroll Shoppe.
   845 | D:1      | Reached skill level 3 in Translocations
  1515 | D:2      | Reached XP level 3. HP: 25/30 MP: 5/5
  2593 | D:2      | Reached XP level 4. HP: 37/37 MP: 6/6
  2649 | D:2      | Found a shimmering altar of Xom.
  3381 | D:3      | You fall into a shaft and drop 3 floors!
  3395 | D:6      | Identified a scroll of acquirement
  3395 | D:6      | Acquired a +8 spectral quarterstaff
  3401 | D:6      | Reached XP level 5. HP: 28/45 MP: 7/7
  3402 | D:6      | Reached skill level 1 in Staves
  3704 | D:6      | Noticed a centaur
  3706 | D:5      | Entered Level 5 of the Dungeon
  3710 | D:5      | Reached skill level 4 in Translocations
  3945 | D:5      | Noticed a phantom
  3954 | D:5      | Killed a phantom
  3955 | D:5      | Reached XP level 6. HP: 49/51 MP: 8/8
  3973 | D:5      | Learned a level 2 spell: Blink
  4026 | D:5      | Found an ornate altar of the Wu Jian Council.
  4039 | D:5      | Became a worshipper of the Wu Jian Council
  4298 | D:5      | Noticed an ice beast
  4305 | D:5      | Killed an ice beast
  4577 | D:5      | Reached XP level 7. HP: 56/57 MP: 10/10
  4768 | D:5      | Noticed Duvessa
  4770 | D:5      | Noticed Dowan
  5089 | D:4      | Noticed Natasha
  5094 | D:4      | Killed Natasha
  5173 | D:4      | Noticed Natasha
  5174 | D:4      | Killed Natasha
  5175 | D:4      | Reached skill level 5 in Translocations
  5192 | D:4      | Reached * piety under Wu Jian
  5520 | D:4      | Reached XP level 8. HP: 66/66 MP: 11/11
  6353 | D:4      | Noticed Natasha
  6359 | D:4      | Killed Natasha
  6786 | D:5      | Killed Duvessa
  7166 | D:5      | Killed Dowan
  7252 | D:5      | Learned a level 3 spell: Gell's Gravitas
  7256 | D:5      | Learned a level 3 spell: Teleport Other
  7961 | D:6      | Noticed Maggie
  7975 | D:6      | Paralysed by Maggie for 7 turns
  7980 | D:6      | Killed from afar by Maggie

Illustrated notes

Levels and vault maps discovered:
D:1:      dpeg_arrival_boxes_within_box, layout_loops_ring,
          ebering_ecumenical_altar_sacrificial, serial_shops,
          nicolae_shop_crystal
D:2:      minmay_diamond_boxcup, layout_loops_corners, basic_altar,
          chequers_big_river, minmay_misc_feat_doors
D:3:      layout_basic
D:4:      minmay_polygon_palace, layout_basic, uniq_natasha
D:5:      layout_loops_ring, lemuel_coloured_pillars_altar,
          nicolae_wu_jian_immortal_techniques, cheibrodos_sewer_entry_bend,
          kennysheep_generic_room_15, uniq_duvessa
D:6:      layout_loops_corners, kennysheep_big_empty_room,
          minmay_manual_mandibuliform, uniq_maggie

Skill      XL: |  1  2  3  4  5  6  7  8 |
---------------+-------------------------+-----
Armour         | 1 2 3 |  3.3
Polearms       | 2 |  2.2
Translocations | 3 4 5 |  5.6
Spellcasting   | 2 3 |  3.6
Fighting       | 3 4 |  4.6
Staves         | 1 2 3 4 |  4.2
Throwing       | |  0.8
Dodging        | |  1.7

Action                   |  1- 3 |  4- 6 |  7- 9 || total
-------------------------+-------+-------+-------++-------
Melee: Spear             |   198 |    83 |       ||   281
       Quarterstaff      |       |    31 |    95 ||   126
Throw: Stone             |     4 |       |       ||     4
 Cast: Blink             |       |       |     2 ||     2
Invok: Lunge             |       |     4 |    16 ||    20
       Whirlwind         |       |       |    11 ||    11
  Use: Scroll            |       |     7 |       ||     7
       Potion            |       |       |     1 ||     1
Armor: Leather armour    |    16 |       |       ||    16
       Ring mail         |    33 |    44 |    17 ||    94
Dodge: Dodged            |    92 |    67 |    35 ||   194

Table legend: (Time is in decaauts)
 A = Elapsed time spent in this place.
 B = Non-inter-level travel time spent in this place.
 C = Inter-level travel time spent in this place.
 D = Time resting spent in this place.
 E = Time spent auto-exploring this place.
 F = Levels seen in this place.
 G = Mean time per level.
                   A        B        C        D        E       F      G
               +--------+--------+--------+--------+--------+-----+--------+
         Total |   8018 |   6806 |   1212 |    989 |   4404 |   6 | 1336.3 |
       Dungeon |   8018 |   6806 |   1212 |    989 |   4404 |   6 | 1336.3 |
               +--------+--------+--------+--------+--------+-----+--------+

Top non-repeatable levels by time:
     D:5: 2207 daAuts
     D:1: 1639 daAuts
     D:2: 1630 daAuts
     D:4: 1581 daAuts
     D:3: 585 daAuts
     D:6: 374 daAuts
